Map: Taito Citadel LE

Players

SCIInewby - Winner!

  • Race: Protoss Protoss
  • League: Master
  • Spawn Location: 5:00

planio

  • Race: Zerg Zerg
  • League: Silver
  • Spawn Location: 11:00

VOD

Have the link to the VOD?

Description

Time

  • Played on: Feb. 11, 2026, 1:32 p.m.
  • Length: 20:57
Show
View Real Time Build Order
Export as new Build Order

SCIInewby Protoss - Winner!

Build Orders:  

Get SALT Encoding   

  12  0:00  Probe  
  13  0:12  Probe  
  14  0:17  Pylon  
  14  0:24  Probe  
  15  0:37  Gateway  
  15  0:38  Probe  
  16  0:53  Gateway, Probe  
  17  1:08  Probe  
  17  1:10  Gateway  
  18  1:28  Cybernetics Core  
  18  1:34  Pylon  
  18  1:35  Zealot  
  18  1:36  Zealot  
  22  1:52  Assimilator  
  22  2:00  Gateway  
  22  2:04  Zealot  
  23  2:11  Pylon  
  23  2:29  Zealot x2  
  27  2:32  Warp Gate  
  27  2:43  Zealot  
  27  2:52  Probe  
  27  2:56  Zealot  
  28  3:00  Probe  
  29  3:09  Probe  
  30  3:25  Pylon  
  30  3:33  Zealot  
  30  3:43  Zealot x3  
  36  3:51  Pylon  
  34  4:07  Probe  
  35  4:19  Probe  
  35  4:20  Forge  
  32  4:31  Probe  
  32  4:33  Stalker  
  32  4:34  Stalker  
  31  4:50  Pylon  
  31  4:56  Stalker  
  33  5:15  Nexus  
  33  5:18  Probe  
  32  5:29  Photon Cannon  
  32  5:30  Probe  
  27  5:45  Zealot x2  
  31  5:52  Stalker  
  29  6:03  Zealot  
  29  6:07  Zealot  
  29  6:08  Zealot  
  33  6:12  Probe  
  34  6:21  Assimilator  
  34  6:25  Probe  
  35  6:28  Zealot  
  37  6:37  Probe  
  28  6:59  Zealot x3  
  28  7:00  Probe x2, Zealot  
  32  7:08  Probe x2  
  32  7:29  Zealot x3  
  34  7:30  Zealot  
  36  7:37  Pylon  
  36  7:41  Pylon  
  36  7:42  Pylon  
  36  7:44  Probe  
  36  7:45  Probe, Pylon  
  38  7:54  Photon Cannon  
  38  7:57  Stalker  
  38  8:07  Stalker x2  
  42  8:18  Twilight Council  
  36  8:37  Photon Cannon  
  36  8:39  Photon Cannon  
  36  8:42  Photon Cannon, Stalker  
  36  8:44  Zealot  
  36  8:46  Zealot  
  38  9:06  Zealot x3  
  42  9:21  Shield Battery  
  42  9:28  Charge  
  38  9:32  Zealot x3  
  38  9:33  Zealot  
  36  9:53  Zealot x4  
  40  10:16  Zealot x4  
  42  10:35  Pylon  
  42  10:37  Zealot x4, Pylon  
  42  11:10  Dark Shrine  
  42  11:13  Zealot x3  
  42  11:16  Zealot  
  42  11:17  Nexus  
  36  11:36  Zealot  
  36  11:37  Zealot x3  
  42  11:47  Photon Cannon  
  40  11:57  Pylon  
  40  12:03  Probe x2  
  42  12:09  Protoss Ground Weapons Level 1  
  42  12:15  Assimilator x2  
  42  12:28  Dark Templar  
  44  12:30  Zealot x3  
  50  12:53  Dark Templar  
  36  13:17  Dark Templar  
  38  13:39  Zealot x2  
  38  13:40  Zealot  
  37  14:01  Zealot  
  37  14:02  Zealot  
  35  14:03  Probe  
  35  14:04  Dark Templar x2, Probe  
  35  14:06  Probe  
  42  14:11  Probe  
  42  14:13  Probe  
  44  14:18  Probe  
  44  14:20  Probe  
  44  14:22  Probe  
  46  14:26  Assimilator  
  46  14:29  Forge  
  46  14:30  Probe  
  48  14:31  Assimilator  
  48  14:32  Forge, Probe  
  48  14:37  Gateway  
  49  14:39  Gateway  
  49  14:43  Probe x2  
  49  14:44  Probe  
  52  14:46  Gateway  
  52  14:47  Stalker  
  52  14:48  Gateway  
  52  14:50  Gateway  
  52  14:51  Stalker  
  56  14:55  Protoss Shields Level 1  
  56  14:57  Gateway  
  56  15:08  Pylon  
  56  15:13  Stargate  
  56  15:17  Stalker x2  
  60  15:22  Stalker  
  62  15:47  Probe x2  
  62  15:48  Probe  
  65  15:56  Pylon  
  65  15:57  Pylon  
  65  15:59  Probe  
  65  16:00  Probe, Pylon  
  65  16:02  Pylon  
  67  16:12  Nexus  
  67  16:17  Dark Templar  
  67  16:18  Dark Templar  
  71  16:20  Zealot  
  73  16:29  Assimilator  
  73  16:31  Assimilator  
  73  16:33  Pylon  
  69  16:47  Zealot x3  
  69  16:48  Zealot x2  
  69  16:51  Probe  
  69  16:52  Probe  
  81  16:54  Probe  
  82  17:09  Dark Templar x2  
  82  17:10  Dark Templar  
  86  17:29  Dark Templar  
  88  17:30  Dark Templar  
  88  17:31  Dark Templar  
  92  17:38  Zealot x2  
  92  17:39  Zealot  
  92  17:41  Zealot  
  94  18:03  Probe x4  
  96  18:06  Dark Templar  
  96  18:15  Probe  
  96  18:17  Stalker x2  
  96  18:18  Zealot x2  
  96  18:19  Zealot x2  
  107  18:46  Fleet Beacon  
  107  18:55  Sentry, Dark Templar  
  109  18:56  Dark Templar x4  
  109  18:57  Dark Templar  
  109  18:58  Zealot  
  123  19:07  Archon  
  123  19:16  Pylon  
  123  19:19  Probe x4  
  123  19:22  Zealot x2  
  123  19:23  Zealot  
  133  19:26  Carrier  
  133  19:31  Probe x4  
  123  20:01  Twilight Council  
  97  20:15  Zealot x4  
  97  20:16  Zealot x6  
Show
View Real Time Build Order
Export as new Build Order

planio Zerg 

Build Orders: Pool First 

Get SALT Encoding   

  12  0:01  Drone  
  13  0:23  Spawning Pool  
  13  0:25  Drone  
  13  0:31  Drone  
  14  0:37  Extractor, Drone  
  15  0:46  Overlord  
  15  0:53  Overlord  
  15  1:16  Hatchery  
  14  1:19  Zergling x4  
  16  1:31  Spine Crawler  
  15  1:33  Zergling x2  
  15  1:36  Zergling x2  
  17  2:10  Zergling x6  
  17  2:12  Queen  
  22  2:22  Drone  
  23  2:25  Extractor  
  18  2:58  Zergling x6  
  21  3:03  Queen  
  21  3:04  Drone x3  
  26  3:12  Queen  
  28  3:37  Drone x3  
  31  3:47  Zergling x10  
  33  3:55  Drone  
  31  4:06  Spine Crawler  
  31  4:07  Spine Crawler  
  29  4:11  Spine Crawler  
  29  4:12  Spine Crawler  
  27  4:24  Zergling x10  
  22  4:27  Zergling x6  
  28  4:55  Lair  
  28  4:56  Drone  
  28  4:57  Drone x2  
  30  5:23  Drone x3  
  33  5:30  Baneling Nest  
  33  5:31  Drone x4  
  33  5:32  Overlord  
  29  6:14  Zergling x2  
  29  6:15  Zergling x10  
  35  6:25  Hydralisk Den  
  35  6:31  Extractor, Drone  
  29  6:56  Queen  
  29  7:09  Drone x4  
  29  7:11  Spine Crawler  
  32  7:31  Drone x3  
  32  7:32  Queen  
  37  7:39  Grooved Spines  
  37  7:41  Hydralisk  
  37  7:42  Hydralisk x2  
  43  7:49  Drone  
  44  8:29  Overlord x4  
  44  8:30  Overlord  
  44  8:47  Queen  
  44  8:48  Drone x5  
  51  8:53  Spine Crawler  
  51  8:54  Spine Crawler  
  49  8:55  Spine Crawler  
  48  9:11  Spine Crawler  
  47  9:19  Hydralisk  
  47  9:20  Hydralisk x2  
  53  9:28  Hatchery  
  52  9:38  Queen  
  54  9:52  Spine Crawler  
  53  9:54  Spine Crawler  
  53  9:56  Spine Crawler  
  53  9:59  Drone x6  
  57  10:14  Queen  
  57  10:17  Spine Crawler  
  57  10:21  Spine Crawler  
  57  10:25  Hydralisk x5  
  67  10:56  Hydralisk x2  
  71  10:59  Drone x5  
  76  11:05  Spine Crawler  
  76  11:06  Spine Crawler  
  76  11:10  Spine Crawler  
  73  11:12  Spine Crawler  
  72  11:32  Pneumatized Carapace  
  72  11:33  Hydralisk x8  
  72  11:34  Hydralisk  
  90  11:46  Extractor  
  89  11:47  Drone  
  89  11:48  Extractor  
  89  12:11  Muscular Augments  
  89  12:20  Infestation Pit  
  89  12:22  Hydralisk  
  90  12:23  Overlord x4  
  90  12:24  Overlord x2  
  90  12:26  Overseer x3  
  90  12:46  Evolution Chamber  
  90  12:50  Evolution Chamber  
  88  12:55  Evolution Chamber  
  49  14:00  Hydralisk  
  49  14:01  Hydralisk x13  
  73  14:06  Drone x2  
  73  14:08  Queen  
  77  14:25  Drone x2  
  77  14:28  Baneling  
  79  14:46  Hatchery  
  78  15:01  Drone x3  
  81  15:08  Hatchery  
  81  15:12  Drone  
  81  15:21  Drone x4  
  85  15:30  Overlord  
  85  15:53  Hive  
  85  15:55  Zerg Melee Weapons Level 1  
  85  16:01  Zerg Ground Armor Level 1  
  85  16:03  Zerg Missile Weapons Level 1  
  85  16:07  Drone  
  86  16:16  Hydralisk x2  
  90  16:19  Hydralisk  
  92  16:32  Queen  
  92  16:50  Drone x5  
  92  16:51  Drone  
  98  16:56  Drone x3  
  98  17:00  Extractor  
  98  17:01  Extractor  
  95  17:22  Drone x3  
  93  17:23  Extractor  
  93  17:24  Extractor  
  87  17:36  Drone x3  
  88  17:40  Overseer x4  
  85  17:58  Drone x2  
  83  18:05  Overseer  
  81  18:10  Drone x4  
  85  18:30  Drone x3  
  88  18:44  Drone, Queen  
  88  18:47  Queen  
  93  18:49  Drone x2  
  93  18:50  Drone  
  96  19:08  Hydralisk x2  
  96  19:09  Hydralisk  
  102  19:10  Hydralisk  
  102  19:11  Hydralisk  
  102  19:14  Hydralisk  
  108  19:18  Hydralisk  
  110  19:45  Drone x6  
  49  20:14  Hydralisk  
  49  20:15  Hydralisk x8  
Tags
 
Matchup
PvZ
Opening
Pool First
Replay Pack
vannon
Spawn Locations
Cross Positions
Add a new tag
Caveats
  • Supply blocks, unpowered buildings, or Contaminate may cause inaccurate times.
  • Supply counts are checked every 10 seconds.